 Dungeon Crawl Stone Soup version 0.21.1-1-g345015fe64 (webtiles) character file.

2383 Iskender the Covert (level 9, -3/59 HPs)
             Began as an Octopode Wanderer on Feb 14, 2018.
             Was an Initiate of Ru.
             Slain by an orc warrior
             ... wielding a +0 flail
              (24 damage)
             ... on level 7 of the Dungeon.
             The game lasted 00:34:00 (7345 turns).

Iskender the Covert (Octopode Wanderer)             Turns: 7345, Time: 00:34:01

Health: -3/59      AC:  1    Str: 10    XL:     9   Next: 45%
Magic:  10/10      EV: 16    Int: 20    God:    Ru [......]
Gold:   180        SH:  3    Dex: 14    Spells: 10/10 levels left

rFire    . . .     SeeInvis .   a - +8 spear "Docylic" {freeze, rN+ Stlth+}
rCold    . . .     Gourm    .   (no shield)
rNeg     + . .     Faith    .   (helmet restricted)
rPois    .         Spirit   .   t - amulet "Uschoxt" {Reflect MR+ Dex+2 SH+3}
rElec    .         Reflect  +   (no ring)
rCorr    .         Harm     .   (no ring)
MR       +....                  (no ring)
Stlth    ++++++....             (no ring)
HPRegen  0.19/turn              (no ring)
MPRegen  0.12/turn              (no ring)
                                (no ring)
                                (no ring)

@: no status effects
A: almost no armour, stealthy swim, amphibious, 8 rings, constrict 8, camouflage
1, clever 1, robust 1, gelatinous body 1
a: Renounce Religion


You were on level 7 of the Dungeon.
You worshipped Ru.
Ru was noncommittal.
You were not hungry.

You visited 2 branches of the dungeon, and saw 8 of its levels.
You also visited: Ossuary.

You collected 252 gold pieces.
You spent 72 gold pieces at shops.

Inventory:

Hand Weapons
 a - the +8 spear "Docylic" (weapon) {freeze, rN+ Stlth+}
   (You found it on level 7 of the Dungeon)

   It has been specially enchanted to freeze those struck by it, causing extra
   injury to most foes and up to half again as much damage against particularly
   susceptible opponents.
   It can also slow down cold-blooded creatures.
   It protects you from negative energy.
   It makes you more stealthy.
 b - a +0 shortbow
 i - a +0 rapier
 r - a +0 hunting sling
 v - a +0 blowgun
 y - a +0 trident
 A - a +2 dagger
 G - a +1 whip of draining
 I - a +0 spear
 J - a +3 dire flail
 L - a +1 mace of protection
 O - a +3 flail of protection
Missiles
 d - 140 arrows
 e - 51 poisoned needles
 n - 58 stones (quivered)
 s - 35 sling bullets
Jewellery
 t - the amulet "Uschoxt" (around mantle) {Reflect MR+ Dex+2 SH+3}
   (You found it on level 4 of the Dungeon)

   [amulet of reflection]

   It shields you and reflects attacks.
   It affects your dexterity (+2).
   It affects your resistance to hostile enchantments.
   It affects your SH (+3).
 H - an uncursed amulet of faith {unknown}
Wands
 F - a wand of acid (9)
 K - a wand of polymorph (15)
Scrolls
 c - 3 scrolls of fear
 f - a scroll of enchant weapon
 l - 7 scrolls of teleportation
 o - a scroll of blinking
 p - 2 scrolls of noise {unknown}
 u - a scroll of magic mapping
 w - a scroll of fog
 B - 6 scrolls of remove curse
 C - a scroll of immolation
 M - a scroll of identify
Potions
 h - a potion of haste
 j - 5 potions of curing
 k - 2 potions of resistance
 m - 2 potions of invisibility
 q - 2 potions of flight
 x - 3 potions of lignification {unknown}
 z - a potion of mutation
 D - a potion of ambrosia
 E - 2 potions of might
Comestibles
 g - 6 rations
 N - 3 chunks of flesh


   Skills:
 - Level 2.0 Fighting
 - Level 8.0 Maces & Flails
 + Level 2.2 Polearms
 - Level 3.0 Bows
 - Level 1.0 Throwing
 - Level 5.1 Dodging
 - Level 10.3 Stealth
 - Level 1.0 Spellcasting
   Level 2.0 Fire Magic


You had 10 spell levels left.
You didn't know any spells.

Dungeon Overview and Level Annotations

Branches:
Dungeon (7/15)             Temple (1/1) D:7

Altars:
Ashenzari
Dithmenos
Elyvilon
Fedhas
Gozag
Hepliaklqana
Kikubaaqudgha
Makhleb
Nemelex Xobeh
Okawaru
Qazlal
Ru
Sif Muna
Trog
Uskayaw
Vehumet
Wu Jian
Xom
Yredelemnul
Zin
The Shining One

Shops:
D:2 *   D:5 *   D:7 ?

Annotations:
D:5 Iskender's ghost, amateur OpWn


Innate Abilities, Weirdness & Mutations

You cannot wear most types of armour.
You are very stealthy in the water. (Stealth+)
You are amphibious.
You can wear up to eight rings at the same time.
You can use your tentacles to constrict eight enemies at once.
Your skin changes colour to match your surroundings (Stealth+).
Your rubbery body absorbs attacks. (AC +1, EV +1)
Your mind is acute. (Int +2)
You are robust. (+10% HP)


Message History

You shoot an arrow.
The arrow closely misses the orc warrior.
An orc comes into view. It is wielding a flail.
The +8 spear "Docylic" {freeze, rN+ Stlth+} glows with a cold blue light!
a - the +8 spear "Docylic" (weapon)
{freeze, rN+ Stlth+} Attack whom?
Press: ? - help, Dir - move target cursor, f/p - orc warrior
Aim: an orc warrior, wielding a flail and wearing a chain mail You reach to attack!
You hit the orc warrior. You freeze the orc warrior.
The orc warrior is moderately wounded.
You hit the orc warrior. You freeze the orc warrior. You grab the orc warrior.
You squeeze the orc warrior.
The orc warrior is heavily wounded.
You constrict the orc warrior, but do no damage.
The orc warrior hits you with a flail!
You puncture the orc warrior! You freeze the orc warrior.
The orc warrior is almost dead.
You constrict the orc warrior, but do no damage.
The orc warrior hits you with a flail!!
You die...

#####.................###.....#..
...#........).....o...........'..
##.#.......#####..#'####..oo..#..
#.#..................)'.(....'..
#.'.......#####..#.####..(...#..
###.......# #....# #......#..
#.......# #.#..# #......#..
#.......# #o#..# #......#.#
#.......# #@#..####......#.#
######### #.#.>..........#.#
#######.############.#.#
#.......# #♣.#.# #.#####.# #..#.#
#.# #.# ♣∩♣#.# #.# ### #..#.# #.#
#♣.#.# #.# #.#.#


You could see an orc warrior and an orc (wandering).

Vanquished Creatures
  A hippogriff (D:7)
  An orc warrior (D:5)
  A centaur (D:5)
  2 ogres
  5 elf zombies (Ossuary)
  A bullfrog (D:6)
  2 scorpions
  3 wights (D:6)
  A howler monkey (D:5)
  A jelly (D:7)
  A crimson imp (D:6)
  3 centaur zombies (Ossuary)
  A bullfrog zombie (D:7)
  4 human zombies (Ossuary)
  A bullfrog skeleton (D:4)
  7 orc priests
  A hound (D:4)
  Crazy Yiuf (D:6)
  An iguana (D:5)
  4 orc wizards
  9 worker ants
  A hound skeleton (D:4)
  3 mummies (Ossuary)
  6 adders
  2 shadow imps
  An ooze (D:1)
  An adder skeleton (D:6)
  3 worms
  2 dart slugs (D:3)
  2 leopard geckos
  13 orcs
  A ball python (D:3)
  6 bats
  9 giant cockroaches
  13 goblins
  7 hobgoblins
  6 jackals
  3 kobolds
  3 quokkas
  5 frilled lizards
  6 rats
144 creatures vanquished.

Notes
Turn   | Place    | Note
-------+----------+-------------------------------------------
     0 | D:1      | Iskender the Octopode Wanderer began the quest for the Orb.
     0 | D:1      | Iskender set off with: a +2 dagger, a scroll of fear, a +0 shortbow, 25 arrows, 14 poisoned needles, a +0 blowgun, a ration
     0 | D:1      | Reached XP level 1. HP: 14/14 MP: 2/2
     7 | D:1      | Reached skill level 2 in Stealth
    55 | D:1      | Reached skill level 3 in Stealth
    55 | D:1      | Reached XP level 2. HP: 16/19 MP: 3/3
   345 | D:1      | Reached skill level 4 in Stealth
   373 | D:1      | Reached XP level 3. HP: 19/24 MP: 4/4
   512 | D:2      | Found an opulent altar of Gozag.
   512 | D:2      | Found Gozag's Platinum Reserve.
   620 | D:2      | Reached skill level 5 in Stealth
   685 | D:2      | Reached XP level 4. HP: 18/29 MP: 5/5
  1590 | D:3      | Reached skill level 6 in Stealth
  1888 | D:3      | Found a bloodstained altar of Trog.
  1958 | D:3      | Reached skill level 1 in Dodging
  2643 | D:4      | Reached XP level 5. HP: 32/34 MP: 6/6
  2668 | D:4      | Got a wavering iron amulet
  2669 | D:4      | Identified the amulet "Uschoxt" {Reflect MR+ Dex+2 SH+3} (You found it on level 4 of the Dungeon)
  2873 | D:4      | Noticed an ogre
  2879 | D:4      | Killed an ogre
  2879 | D:4      | Reached XP level 6. HP: 28/39 MP: 7/7
  3007 | D:4      | HP: 1/39 [orc wizard/puff of flame (12)]
  3313 | D:4      | Reached skill level 5 in Dodging
  3316 | D:4      | Reached XP level 7. HP: 28/45 MP: 8/8
  3487 | D:4      | Reached skill level 7 in Stealth
  3761 | D:5      | Entered Level 5 of the Dungeon
  3769 | D:5      | Reached skill level 8 in Stealth
  3775 | D:5      | Found a sand-covered staircase.
  3801 | Ossuary  | Entered an ossuary
  3870 | Ossuary  | Reached skill level 9 in Stealth
  4049 | Ossuary  | Reached XP level 8. HP: 50/50 MP: 9/9
  4060 | Ossuary  | Reached skill level 10 in Stealth
  4068 | Ossuary  | Reached skill level 1 in Maces & Flails
  4326 | D:5      | Found Feomeshru's General Store.
  4332 | D:5      | Bought a scroll of identify for 24 gold pieces
  4364 | D:5      | Bought a scroll of identify for 24 gold pieces
  4364 | D:5      | Bought a scroll of identify for 24 gold pieces
  4852 | D:5      | Reached skill level 5 in Maces & Flails
  5240 | D:5      | Noticed Iskender's ghost (amateur OpWn)
  5425 | D:5      | HP: 2/50 [orc warrior/war axe (8)]
  5745 | D:5      | Reached XP level 9. HP: 25/54 MP: 10/10
  5846 | D:6      | Found a white marble altar of Elyvilon.
  6159 | D:6      | Found a runed door.
  6165 | D:6      | Noticed Crazy Yiuf
  6174 | D:6      | Killed Crazy Yiuf
  6742 | D:6      | Gained mutation: Your mind is acute. (Int +2) [potion of mutation]
  6742 | D:6      | Gained mutation: You are robust. (+10% HP) [potion of mutation]
  6788 | D:7      | Found a staircase to the Ecumenical Temple.
  6798 | Temple   | Entered the Ecumenical Temple
  6879 | Temple   | Became a worshipper of Ru the Awakened
  7096 | D:7      | Found Ogisiphu's Magic Scroll Shoppe.
  7248 | D:7      | Got an ichor-stained spear
  7251 | D:7      | Identified the +8 spear "Docylic" {freeze, rN+ Stlth+} (You found it on level 7 of the Dungeon)
  7345 | D:7      | Slain by an orc warrior

Skill      XL: |  1  2  3  4  5  6  7  8  9 |
---------------+----------------------------+-----
Stealth        | 3 4 5 6 9 10 | 10.3
Dodging        | 2 4 5 |  5.1
Maces & Flails | 6 8 |  8.0
Polearms       | 2 |  2.2
Fighting       | |  2.0
Bows           | |  3.0
Throwing       | |  1.0
Spellcasting   | |  1.0
Fire Magic     | |  2.0

Action                   |  1- 3 |  4- 6 |  7- 9 || total
-------------------------+-------+-------+-------++-------
Melee: Dagger            |    39 |     8 |       ||    47
       Tentacles         |     8 |    20 |    51 ||    79
       Constrict         |    13 |    35 |    45 ||    93
       Rapier            |    14 |    25 |       ||    39
       Mace              |       |    81 |   229 ||   310
       Flail             |       |       |    25 ||    25
       Spear             |       |       |    10 ||    10
 Fire: Shortbow          |    12 |    30 |    98 ||   140
Throw: Stone             |       |       |     3 ||     3
  Use: Scroll            |     2 |     3 |    12 ||    17
       Potion            |       |     1 |     2 ||     3
 Stab: Sleeping          |     8 |     9 |     1 ||    18
       Distracted        |       |     1 |       ||     1
  Eat: Chunk             |       |     8 |     9 ||    17
       Ration            |       |       |     1 ||     1
Armor: Skin              |     3 |    17 |    46 ||    66
Dodge: Dodged            |    22 |    59 |   161 ||   242
Block: Other             |       |     3 |    26 ||    29
       Reflection        |       |       |     2 ||     2
